 Dungeon Crawl Stone Soup version 0.31-a0-232-gb1c03b2570 (webtiles) character file.

Game seed: 7728220248392420479

598 qw the Shooter (level 7, -1/44 HPs)
             Began as a Gargoyle Hexslinger on July 6, 2023.
             Slain by an orc
             ... wielding a +0 club
              (4 damage)
             ... on level 6 of the Dungeon.
             The game lasted 00:01:12 (2766 turns).

qw the Shooter (Gargoyle Hexslinger)                Turns: 2766, Time: 00:01:12

Health: -1/44      AC: 10    Str: 11    XL:     7   Next: 40%
Magic:  8/8        EV: 10    Int: 14    God:
Gold:   135        SH:  0    Dex: 14    Spells: 7/8 levels left

rFire   . . .        Y - +1 sling (chaos)
rCold   + . .        (no shield)
rNeg    + . .        e - +0 ring mail {rC+}
rPois   inf          (no helmet)
rElec   +            (no cloak)
rCorr   .            (no gloves)
SInv    +            (no boots)
Will    +....        (no amulet)
Stlth   +            c - ring of willpower
HPRegen 0.27/turn    d - ring of see invisible
MPRegen 0.11/turn

%: no passive effects
@: no status effects
A: sickness immunity, AC +4, negative energy resistance 1, electricity
resistance, torment resistance 1, petrification resistance
a: no special abilities


You were on level 6 of the Dungeon.
You visited 1 branch of the dungeon, and saw 6 of its levels.

You collected 135 gold pieces.


Innate Abilities, Weirdness & Mutations

You are immune to sickness and miasma.
Your stone body is resilient. (AC +4)
You are immune to poison.
You resist negative energy. (rN+)
You are resistant to electric shocks. (rElec)
You are resistant to unholy torment.
You are immune to petrification.


   Skills:
 - Level 4.7 Fighting
 + Level 6.5 Ranged Weapons
 - Level 1.3 Armour
 - Level 1.5 Dodging
 - Level 1.0 Spellcasting
 - Level 2.6 Hexes


You had 7 spell levels left.
You knew the following spells:

 Your Spells              Type           Power      Damage    Failure   Level
a - Slow                  Hex            32%        N/A       21%         1

Your spell library contained the following spells:

 Spells                   Type           Power      Damage    Failure   Level
 Inner Flame              Hex/Fire       4%         N/A       71%         3
 Portal Projectile        Hex/Tloc       8%         N/A       71%         3
 Cause Fear               Hex            4%         N/A       90%         4

Inventory:

Hand Weapons
 Y - a +1 sling of chaos (weapon)
Armour
 e - a +0 ring mail of cold resistance (worn)
Jewellery
 c - a ring of willpower (left hand)
 d - a ring of see invisible (right hand)
Scrolls
 a - a scroll of identify
Potions
 b - 2 potions of curing
 f - a potion of enlightenment
 i - a potion of mutation
 j - 3 potions of haste

Dungeon Overview and Level Annotations

Branches:
Dungeon (7/15)
 Temple: D:4-7

Altars:


Message History

You shoot a sling bullet.
The sling bullet hits the orc warrior but does no damage.
The orc warrior is heavily wounded.
The orc barely misses you.
You shoot a sling bullet. The sling bullet hits the orc warrior.
You feel better.
The orc warrior is heavily wounded.
The orc warrior hits you with a +0 scimitar!
The orc hits you but does no damage.
You shoot a sling bullet.
The sling bullet barely misses the orc warrior.
The orc hits you but does no damage.
The orc warrior hits you with a +0 scimitar!
You shoot a sling bullet.
The sling bullet barely misses the orc warrior.
The orc warrior barely misses you. The orc hits you but does no damage.
You shoot a sling bullet.
The sling bullet hits the orc warrior but does no damage.
The orc warrior is severely wounded.
The orc warrior hits you with a +0 scimitar.
The orc hits you but does no damage. x2; The orc warrior closely misses you.
You shoot a sling bullet.
The sling bullet hits the orc warrior but does no damage.
Lightning courses through the orc warrior!
You kill the orc warrior!
The orc misses you.
You shoot a sling bullet.
The sling bullet closely misses the orc.
The orc hits you but does no damage.
You shoot a sling bullet. The sling bullet hits the orc.
The sling bullet freezes the orc.
The orc is moderately wounded.
You shoot a sling bullet. The sling bullet hits the orc.
The sling bullet freezes the orc.
The orc is severely wounded.
The orc barely misses you. x2
You shoot a sling bullet. The sling bullet hits the orc.
You kill the orc!
The orc closely misses you. The orc hits you with a +0 club.
You die...

#.#).......
.............# ......
#.#..........# .....
#.#..........# ....
#.#..........# ...
#.#..........### ..
................ .#
#.#..........####o#.#
#...............@)..#
########.......##.#.#
#######.# .# #.# ..
#.# ... #.# .... #.#
..... #.# ...... #.#


You could see an orc (resistant).

Vanquished Creatures
  Sigmund (D:6)
  An orc warrior (D:6)
  A bullfrog (D:6)
  A howler monkey (D:3)
  A hound (D:6)
  A sleepcap (D:6)
  6 adders
  6 gnolls
  A worm (D:2)
  A dart slug (D:2)
  4 orcs
  3 ball pythons
  5 bats
  5 endoplasms
  2 giant cockroaches
  5 goblins
  5 hobgoblins
  9 kobolds
  3 quokkas
  3 frilled lizards (D:2)
  7 rats
71 creatures vanquished.

Notes
Turn   | Place    | Note
-------+----------+-------------------------------------------
     0 | D:1      | qw the Gargoyle Hexslinger began the quest for the Orb.
     0 | D:1      | Reached XP level 1. HP: 12/12 MP: 2/2
     0 | D:1      | 0 ||| qw: Version: 0.3-a-46-gb1f654a
     0 | D:1      | 0 ||| qw: Game counter: 2060
     0 | D:1      | 0 ||| qw: Melee chars always use a shield: true
     0 | D:1      | 0 ||| qw: God list: Okawaru
     0 | D:1      | 0 ||| qw: Allow faded altars: false
     0 | D:1      | 0 ||| qw: Do Orc after clearing Dungeon:15 true
     0 | D:1      | 0 ||| qw: Do second Lair branch before Depths: true
     0 | D:1      | 0 ||| qw: Lair rune preference: random
     0 | D:1      | 0 ||| qw: Goals: Normal
     0 | D:1      | 0 ||| PLANNING D:1-11
   134 | D:1      | Reached XP level 2. HP: 16/16 MP: 3/3
   217 | D:1      | Reached skill level 3 in Ranged Weapons
   444 | D:1      | Reached XP level 3. HP: 21/21 MP: 4/4
   507 | D:1      | 507 ||| UPGRADING to +0 ring mail of cold resistance.
   517 | D:1      | 517 ||| DROPPING +0 robe.
   518 | D:1      | 518 ||| READING 5 scrolls labelled TUHAOR UGYHAF.
   519 | D:1      | 519 ||| READING 2 scrolls labelled VIEL AGEGGIYMN.
   520 | D:1      | 520 ||| READING scroll labelled SAPU BAXYIGE.
   521 | D:1      | 521 ||| DRINKING 2 lumpy orange potions.
   522 | D:1      | 522 ||| READING 4 scrolls of identify.
   522 | D:1      | 522 ||| IDENTIFYING fizzy silvery potion
   523 | D:1      | 523 ||| READING 3 scrolls of identify.
   523 | D:1      | 523 ||| IDENTIFYING fizzy cyan potion
   524 | D:1      | 524 ||| DROPPING scroll of poison.
   525 | D:1      | 525 ||| DROPPING scroll of summoning.
   526 | D:1      | 526 ||| DROPPING potion of magic.
  1010 | D:2      | Reached XP level 4. HP: 26/26 MP: 5/5
  1026 | D:2      | 1026 ||| Stepping ~*~*~tactically~*~*~ (outnumbered).
  1030 | D:2      | Reached skill level 4 in Ranged Weapons
  1093 | D:2      | Reached skill level 1 in Armour
  1434 | D:2      | 1434 ||| UPGRADING to ring of willpower.
  1435 | D:2      | 1435 ||| READING scroll labelled ZUSEMPUKH PINE.
  1436 | D:2      | 1436 ||| READING scroll labelled NALOEV BIFIDU.
  1439 | D:2      | 1439 ||| READING 3 scrolls of identify.
  1439 | D:2      | 1439 ||| IDENTIFYING bubbling pink potion
  1577 | D:3      | Reached XP level 5. HP: 30/30 MP: 6/6
  1825 | D:3      | Reached skill level 5 in Ranged Weapons
  2271 | D:3      | 2271 ||| READING 3 scrolls of identify.
  2271 | D:3      | 2271 ||| IDENTIFYING lumpy inky potion
  2272 | D:3      | 2272 ||| DROPPING potion of degeneration.
  2351 | D:4      | You fall into a shaft and drop 3 floors!
  2393 | D:7      | HP: 5/31 [gnoll/+0 spear (6)]
  2501 | D:7      | 2501 ||| UPGRADING to ring of see invisible.
  2502 | D:7      | 2502 ||| READING 2 scrolls of identify.
  2502 | D:7      | 2502 ||| IDENTIFYING ruby potion
  2512 | D:6      | 2512 ||| PLANNING OSSUARY
  2515 | D:6      | Reached skill level 3 in Fighting
  2522 | D:6      | Reached XP level 6. HP: 34/37 MP: 7/7
  2616 | D:6      | Noticed Sigmund
  2632 | D:6      | Reached skill level 6 in Ranged Weapons
  2636 | D:6      | Killed Sigmund
  2637 | D:6      | Reached XP level 7. HP: 20/44 MP: 8/8
  2759 | D:6      | HP: 6/44 [orc warrior/+0 scimitar (11)]
  2761 | D:6      | HP: 1/44 [orc warrior/+0 scimitar (5)]
  2766 | D:6      | Slain by an orc

Levels and vault maps discovered:
D:1:      roderic_dead_forest, layout_basic
D:2:      minmay_evil_eye, layout_loops_ring, minmay_tromino_v2
D:3:      layout_loops_corners, kennysheep_generic_room_11
D:4:      layout_rooms, grunt_temple_overflow_open, temple_hall
D:6:      layout_basic, enter_ossuary_3, uniq_duvessa, uniq_sigmund
D:7:      kennysheep_big_flooded_room, layout_basic

Skill      XL: |  1  2  3  4  5  6 |
---------------+-------------------+-----
Ranged Weapons | 3 4 5 6 |  6.5
Fighting       | 2 3 4 |  4.7
Armour         | 1 |  1.3
Dodging        | |  1.5
Spellcasting   | |  1.0
Hexes          | |  2.6

Action                     |  1- 3 |  4- 6 |  7- 9 || total
---------------------------+-------+-------+-------++-------
   Fire: Sling             |   159 |   144 |    18 ||   321
    Use: Scroll            |     5 |     5 |       ||    10
         Potion            |     1 |       |       ||     1
 Armour: Robe              |    16 |       |       ||    16
         Ring mail         |    38 |    42 |     9 ||    89
  Dodge: Dodged            |    59 |    48 |    11 ||   118

Table legend:
 A = Non-vault XP
 B = Vault XP
 C = Vault XP percentage of total XP
 D = Non-vault monster count
 E = Vault monster count
 F = Vault count percentage of total count
                 A         B        C        D         E       F
            +---------+---------+-------+---------+---------+-------
      Total |     611 |     247 |  28.8 |      65 |       6 |   8.5
            +---------+---------+-------+---------+---------+-------
        D:1 |      39 |       0 |   0.0 |      23 |       0 |   0.0
        D:2 |      86 |      21 |  19.6 |      21 |       5 |  19.2
        D:3 |     120 |       0 |   0.0 |      10 |       0 |   0.0
        D:4 |       3 |       0 |   0.0 |       2 |       0 |   0.0
        D:6 |     321 |     226 |  41.3 |       6 |       1 |  14.3
        D:7 |      42 |       0 |   0.0 |       3 |       0 |   0.0
            +---------+---------+-------+---------+---------+-------
